 Dungeon Crawl Stone Soup version 0.20.1-1-g8b1a95d (webtiles) character file.

90 Irenicus the Chopper (level 4, -3/40 HPs)
             Began as a Deep Dwarf Monk on Oct 27, 2017.
             Slain by an ogre
             ... wielding a +0 giant club
              (21 damage)
             ... on level 3 of the Dungeon.
             The game lasted 00:04:44 (2267 turns).

Irenicus the Chopper (Deep Dwarf Monk)              Turns: 2267, Time: 00:04:44

Health: -3/40      AC:  2    Str: 13 (15) XL:     4   Next: 32%
Magic:  3/3        EV: 13    Int:  7 (10) God:
Gold:   139        SH:  0    Dex: 14 (16) Spells: 3/3 levels left

rFire    . . .     SeeInvis .   a - +0 hand axe
rCold    . . .     Gourm    .   (no shield)
rNeg     . . .     Faith    .   b - +0 robe
rPois    .         Spirit   .   (no helmet)
rElec    .         Reflect  .   (no cloak)
rCorr    .         Harm     .   (no gloves)
MR       .....                  (no boots)
Stlth    ++........             j - amulet of rage
Regen    0.0/turn               (no ring)
MPRegen  0.1/turn               (no ring)

@: non-regenerating
A: damage resistance, heal wounds, sense surroundings 1, no regeneration
a: Heal Wounds, Evoke Berserk Rage


You were on level 3 of the Dungeon.
You were very hungry.

You visited 1 branch of the dungeon, and saw 3 of its levels.

You collected 139 gold pieces.

Inventory:

Hand Weapons
 a - a +0 hand axe (weapon)
 d - a +0 dagger of electrocution
 g - a +2 mace of crushing
Armour
 b - a +0 robe (worn)
Jewellery
 j - an amulet of rage (around neck)
Wands
 i - a wand of flame (27/48)
Scrolls
 e - a scroll of immolation {unknown}
 f - a scroll of remove curse {unknown}
 h - 4 scrolls of teleportation {unknown}
 k - a scroll of magic mapping {unknown}
 l - a scroll of noise {unknown}
 n - a scroll of identify {unknown}
Potions
 o - a potion of agility
Comestibles
 c - 4 bread rations
 m - a royal jelly


   Skills:
 - Level 2.6 Fighting
 + Level 5.7 Axes
 - Level 3.2 Dodging
 - Level 2.4 Stealth


You had 3 spell levels left.
You didn't know any spells.

Dungeon Overview and Level Annotations

Branches:
Dungeon (3/15)

Altars:
Qazlal


Innate Abilities, Weirdness & Mutations

You are resistant to damage.
You can heal yourself by infusing magical energy.
You passively map a small area around you.
You do not regenerate.


Message History

You feel yourself speed up.
You recover from your berserk rage.
You are feeling very hungry.
You now have 139 gold pieces (gained 5).
Found a short sword.
c - 4 bread rations (gained 1)
You see here a short sword.
Found 13 stones.
Found a stone staircase leading up.
An ogre comes into view. It is wielding a giant club.
An ogre is nearby!
An ogre is nearby!
Found a stone staircase leading up.
You fail to use your ability.
The ogre barely misses you.
You fail to use your ability.
The ogre closely misses you.
You fail to use your ability.
You fail to use your ability.
The ogre closely misses you.
You fail to use your ability.
The ogre hits you with a giant club!!
Ouch! That really hurt!
You die...

##### * ##########.#.####
, ................. *
##############.##.#.####
#....(.................#
#...........#.#.........
*
##.........#.#...()...#.#
.............#......#.#..
#<....O@....#......#.###
#...........#..<...รท....
,
#.....<.....#........###
,
#...$...................
, *
#..........##.#.........
,
##.#.....#.##.#........)
#.#.....#.##.#......... #
#.....#.##.#...#..... * ,
#.##.#.....###.


You could see an ogre.

Vanquished Creatures
  An adder (D:2)
  4 worms
  2 leopard geckos
  6 bats
  7 giant cockroaches
  7 goblins
  8 hobgoblins
  2 jackals (D:2)
  2 quokkas (D:3)
  2 frilled lizards (D:2)
  12 kobolds
  6 rats
59 creatures vanquished.

Notes
Turn   | Place    | Note
-------+----------+-------------------------------------------
     0 | D:1      | Irenicus the Deep Dwarf Monk began the quest for the Orb.
     0 | D:1      | Reached XP level 1. HP: 20/20 MP: 1/1
   131 | D:1      | Reached XP level 2. HP: 21/27 MP: 2/2
   140 | D:1      | Reached skill level 4 in Axes
   879 | D:2      | Reached XP level 3. HP: 25/33 MP: 3/3
  1480 | D:2      | Reached skill level 5 in Axes
  1618 | D:2      | Noticed an earth elemental
  1621 | D:2      | Found a stormy altar of Qazlal.
  1622 | D:2      | Noticed a fire elemental
  1622 | D:2      | Noticed a water elemental
  1622 | D:2      | Noticed an air elemental
  1882 | D:3      | Reached XP level 4. HP: 22/40 MP: 4/4
  1896 | D:3      | HP: 1/40 [worm (9)]
  2095 | D:3      | HP: 1/40 [quokka (2)]
  2259 | D:3      | Noticed an ogre
  2267 | D:3      | Slain by an ogre

Skill      XL: |  1  2  3 |
---------------+----------+-----
Axes           | 4 5 |  5.7
Fighting       | |  2.6
Dodging        | |  3.2
Stealth        | |  2.4

Action                   |  1- 3 |  4- 6 || total
-------------------------+-------+-------++-------
Melee: Hand axe          |   103 |    53 ||   156
       Dagger            |    12 |       ||    12
       Mace              |    17 |       ||    17
 Abil: Heal Wounds       |     1 |     3 ||     4
       Evoke Berserk Rag |       |     2 ||     2
  Use: Potion            |       |     3 ||     3
 Stab: Sleeping          |     4 |       ||     4
  Eat: Chunk             |     3 |     2 ||     5
Armor: Robe              |    24 |     5 ||    29
Dodge: Dodged            |    87 |    59 ||   146
